 Dungeon Crawl Stone Soup version 0.27.0-1-g7a089689b8 (webtiles) character file.

Game seed: 2007643945205438035

65 funkygono the Firebug (level 4, -2/24 HPs)
             Began as a Gargoyle Fire Elementalist on Aug 18, 2021.
             Slain by Terence (5 damage)
             ... on level 2 of the Dungeon.
             The game lasted 00:03:44 (2263 turns).

funkygono the Firebug (Gargoyle Fire Elementalist)  Turns: 2263, Time: 00:03:44

Health: -2/24      AC:  6    Str: 12    XL:     4   Next: 14%
Magic:  8/8        EV: 12    Int: 16    God:
Gold:   65         SH:  0    Dex: 10    Spells: 0/8 levels left

rFire    . . .     SeeInvis .   e - +0 whip
rCold    . . .     Faith    .   (no shield)
rNeg     + . .     Spirit   .   a - +0 robe
rPois    ∞         Reflect  .   j - +0 helmet
rElec    +         Harm     .   (no cloak)
rCorr    .         Rampage  .   (no gloves)
Will     .....                  (no boots)
Stlth    ++........             (no amulet)
HPRegen  0.08/turn              (no ring)
MPRegen  0.11/turn              (no ring)

@: no status effects
A: sickness immunity, AC +3, negative energy resistance 1, electricity
resistance, torment resistance 1, petrification resistance
a: no special abilities


You were on level 2 of the Dungeon.
You visited 1 branch of the dungeon, and saw 2 of its levels.

You collected 65 gold pieces.

Inventory:

Hand Weapons
 d - a +0 flail
 e - a +0 whip (weapon)
Missiles
 f - 47 stones
Armour
 a - a +0 robe (worn)
 j - a +0 helmet (worn)
Scrolls
 i - a scroll of identify
Potions
 c - a potion of berserk rage {unknown}
 g - a potion of curing {unknown}


   Skills:
 + Level 0.1 Fighting
 + Level 0.5 Maces & Flails
 + Level 1.6 Dodging
 - Level 2.1 Stealth
 * Level 2.7 Spellcasting
 * Level 2.1 Conjurations
 * Level 3.8 Fire Magic


You couldn't memorise any spells.
You knew the following spells:

 Your Spells              Type           Power      Damage    Failure   Level
a - Foxfire               Conj/Fire      44%        2x1d6     6%          1
b - Conjure Flame         Conj/Fire      11%        6-21      17%         3
c - Sticky Flame          Conj/Fire      11%        2d3       50%         4

Your spell library contained the following spells:

 Spells                   Type           Power      Damage    Failure   Level
 Inner Flame              Hex/Fire       8%         N/A       26%         3
 Dazzling Flash           Conj/Hex       10%        N/A       36%         3
 Fireball                 Conj/Fire      5%         3d5       85%         5
 Agony                    Necr           2%         N/A       99%         5
 Silence                  Hex/Air        1%         N/A       99%         5


Dungeon Overview and Level Annotations

Branches:
Dungeon (2/15)

Altars:

Annotations:
D:2 Terence


Innate Abilities, Weirdness & Mutations

You are immune to sickness and miasma.
Your stone body is resilient. (AC +3)
You are immune to poison.
You resist negative energy. (rN+)
You are resistant to electric shocks. (rElec)
You are resistant to unholy torment.
You are immune to petrification.


Message History

Confirm with . or Enter, or press ? or * to list all spells.
You conjure some foxfire!
The foxfire hits Terence.
Terence is moderately wounded.
The foxfire hits Terence but does no damage.
Terence is moderately wounded.
Unknown command.
Casting: Foxfire (safe; 6% risk of failure)
Confirm with . or Enter, or press ? or * to list all spells.
You conjure some foxfire!
The foxfire hits Terence but does no damage.
Terence is moderately wounded.
Unknown command.
The foxfire hits Terence but does no damage.
Terence is moderately wounded.
The foxfire hits Terence but does no damage.
Terence is moderately wounded.
The foxfire hits Terence but does no damage.
Terence is moderately wounded.
Terence says, "Time to say good-bye..."
Terence zaps a wand.
The puff of flame hits you.
Terence zaps a wand.
The puff of flame hits you!
* * * LOW HITPOINT WARNING * * *
Terence zaps a wand.
The puff of flame hits you.
* * * LOW HITPOINT WARNING * * *
There is an open door here.
You close the door.
As you read the scroll labelled OHIB KIUDE, it crumbles to dust.
It is a scroll of amnesia.
Really abort (and waste the scroll)? [Y]es or [N]o only, please.
Really abort (and waste the scroll)? [Y]es or [N]o only, please.
Really abort (and waste the scroll)? [Y]es or [N]o only, please.
Really abort (and waste the scroll)?
Okay, then.
Magic courses through your body.
Terence opens the door.
Terence hits you with a +4 mace of protection.
You die...

......###.#.#.####'######## ##
..........#.#.............# #.
......#####.#####...).....######†
.....<#.##....).'.........'....#†
......#.#########.........####.#'
......'.........#..)......# #...
.....)#.####.....))..)....# #..†
.####.#....'.....#############...
.# #.#..#.#....@@...............
.# #.######.....##############..
.# #..........)..)...........'..
'########....)#######.....#####..
....# #.....'....['.....# #..
....# #.....#######.....# #..
....# #.....# #.....# ### ....#
#.....# #...(.####### ....#
#.....# #............


You could see Terence.

Vanquished Creatures
  Robin (D:2)
  An adder (D:2)
  A dart slug (D:1)
  A giant cockroach (D:1)
  11 goblins (D:2)
  4 hobgoblins
  6 jackals
  3 kobolds
  2 quokkas
  2 ball pythons
  2 bats (D:2)
  A frilled lizard (D:2)
  4 rats
39 creatures vanquished.

Vanquished Creatures (others)
  103 foxfires
  A fungus (D:2)
104 creatures vanquished.

Grand Total: 143 creatures vanquished

Notes
Turn   | Place    | Note
-------+----------+-------------------------------------------
     0 | D:1      | funkygono the Gargoyle Fire Elementalist began the quest
                  | for the Orb.
     0 | D:1      | Reached XP level 1. HP: 10/10 MP: 3/3
   507 | D:1      | Reached XP level 2. HP: 15/15 MP: 1/5
  1351 | D:2      | Reached XP level 3. HP: 4/19 MP: 4/6
  1861 | D:2      | Noticed Robin
  1881 | D:2      | Killed Robin
  2033 | D:2      | Reached XP level 4. HP: 24/24 MP: 5/7
  2059 | D:2      | Learned a level 3 spell: Conjure Flame
  2064 | D:2      | Learned a level 4 spell: Sticky Flame
  2232 | D:2      | Noticed Terence
  2263 | D:2      | Slain by Terence

Illustrated notes

Levels and vault maps discovered:
D:1:      matt_arrival_diagonals, layout_basic
D:2:      layout_basic, uniq_sigmund, uniq_robin, uniq_terence,
          uniq_crazy_yiuf_cottage, uniq_jessica

Skill      XL: |  1  2  3 |
---------------+----------+-----
Conjurations   | 2 |  2.1
Fighting       | |  0.1
Maces & Flails | |  0.5
Dodging        | |  1.6
Stealth        | |  2.1
Spellcasting   | |  2.7
Fire Magic     | |  3.8

Action                   |  1- 3 |  4- 6 || total
-------------------------+-------+-------++-------
Melee: Flail             |    22 |       ||    22
       Whip              |     8 |    13 ||    21
 Cast: Foxfire           |    45 |    17 ||    62
  Use: Scroll            |     2 |     1 ||     3
       Potion            |       |     1 ||     1
Armor: Robe              |    11 |     6 ||    17
Dodge: Dodged            |    34 |    12 ||    46
